 Dungeon Crawl Stone Soup version 0.26-a0-30-g56b8cd3df0 (webtiles) character file.

Game seed: 11635619782107948632, levelgen mode: deterministic

191 vurker the Firebug (level 5, -1/40 HPs)
             Began as a Demigod Fire Elementalist on June 3, 2020.
             Slain by an orc wizard
             ... wielding a +0 dagger
              (2 damage)
             ... on level 3 of the Dungeon.
             The game lasted 00:05:03 (2638 turns).

vurker the Firebug (Demigod Fire Elementalist)      Turns: 2638, Time: 00:05:04

Health: -1/40      AC:  5    Str: 11    XL:     5   Next: 18%
Magic:  9/12       EV: 12    Int: 21    God:
Gold:   78         SH:  0    Dex: 16    Spells: 4/9 levels left

rFire    . . .     SeeInvis .   i - +0 dagger
rCold    . . .     Gourm    .   (no shield)
rNeg     . . .     Faith    .   a - +0 robe
rPois    .         Spirit   .   (no helmet)
rElec    .         Reflect  .   p - +2 cloak
rCorr    .         Harm     .   (no gloves)
MR       .....                  (no boots)
Stlth    ++........             (no amulet)
HPRegen  0.13/turn              (no ring)
MPRegen  0.13/turn              (no ring)

@: flying, lightly drained
A: high mp 1
a: no special abilities


You were on level 3 of the Dungeon.
You were not hungry.

You visited 1 branch of the dungeon, and saw 3 of its levels.

You collected 78 gold pieces.

Inventory:

Hand Weapons
 i - a +0 dagger (weapon)
   (You took it off a goblin on level 1 of the Dungeon)
Armour
 a - a +0 robe (worn)
 p - a +2 cloak (worn)
   (You found it on level 2 of the Dungeon)
Scrolls
 c - 3 scrolls of blinking {unknown}
 f - 2 scrolls of remove curse {unknown}
 h - 2 scrolls of noise {unknown}
 l - 4 scrolls of magic mapping {unknown}
Potions
 g - a potion of brilliance
 o - a potion of ambrosia
Comestibles
 b - 4 chunks of flesh
 e - 5 rations


   Skills:
 + Level 1.4(1.3) Fighting
 - Level 1.7(1.6) Dodging
 - Level 1.7(1.6) Stealth
 * Level 2.9(2.8) Spellcasting
 * Level 2.6(2.5) Conjurations
 * Level 3.8(3.7) Fire Magic


You had 4 spell levels left.
You knew the following spells:

 Your Spells              Type           Power        Failure   Level  Hunger
a - Foxfire               Conj/Fire      ###.         3%          1    None
q - Sticky Flame          Conj/Fire      ###.....     36%         4    ####...

Your spell library contained the following spells:

 Spells                   Type           Power        Failure   Level  Hunger
 Conjure Flame            Conj/Fire      ###.....     11%         3    ###....
 Inner Flame              Hex/Fire       ##......     19%         3    ###....
 Fireball                 Conj/Fire      ###.......   71%         5    ######.


Dungeon Overview and Level Annotations

Branches:
Dungeon (3/15)


Innate Abilities, Weirdness & Mutations

You have an increased reservoir of magic. (+10% MP)


Message History

Something hits you but does no damage. The orc wizard closely misses you.
You feel less confused. Something completely misses you.
Unknown command.
You miss something. Something hits you.
* * * LOW HITPOINT WARNING * * *
The orc wizard hits you but does no damage.
You closely miss the orc wizard. Something hits you.
* * * LOW HITPOINT WARNING * * *
The orc wizard hits you but does no damage.
You completely miss the orc wizard.
You hear some strange, mumbled words.
You are confused.
The orc wizard hits you with a +0 dagger.
* * * LOW HITPOINT WARNING * * *
You're too confused to cast spells.
You're too confused to cast spells.
You're too confused to cast spells.
You're too confused to move!
Something hits you but does no damage.
The orc wizard hits you but does no damage.
The orc wizard hits you with a +0 dagger.
* * * LOW HITPOINT WARNING * * *
You're too confused to move!
You hear some strange, mumbled words.
Something tries to affect you, but you resist.
The orc wizard gestures at you while chanting.
The puff of flame misses you.
Unknown command.
You bump into the rock wall.
You hear some strange, mumbled words.
A puff of flame appears from out of thin air!
The puff of flame hits you.
* * * LOW HITPOINT WARNING * * *
The orc wizard hits you with a +0 dagger.
* * * LOW HITPOINT WARNING * * *
You feel less confused.
You hear some strange, mumbled words.
Something tries to affect you, but you resist.
Unknown command.
You conjure some foxfire!
You hear some strange, mumbled words.
A magic dart appears from out of thin air!
The magic dart hits you!
* * * LOW HITPOINT WARNING * * *
The orc wizard hits you with a +0 dagger.
You die...

#..............#...#..
#..............#...##...
+..............#>.......
#..........#...........
...........##......... .# ....
...........##.......# ####.# ....
....................##.....#.....
................v........ .#.....
.....#.........v@........ .......
..######...####o{.....####.......
..######...# #..................
...........# #................#
...........# #.<.)............#
...........####)....÷..........#
..###.........###............$.#
... #)÷.......# #............)...
...##.........# #................


You could see an orc wizard.

Vanquished Creatures
  A wight (D:3)
  A hound (D:3)
  A gnoll (D:3)
  3 adders
  A worm (D:3)
  2 dart slugs
  4 leopard geckos
  3 orcs
  A ball python (D:3)
  6 bats (D:1)
  2 giant cockroaches
  7 goblins
  4 hobgoblins
  17 jackals
  2 quokkas
  2 frilled lizards (D:3)
  5 kobolds
  4 rats
66 creatures vanquished.

Vanquished Creatures (others)
  183 foxfires
183 creatures vanquished.

Grand Total: 249 creatures vanquished

Notes
Turn   | Place    | Note
-------+----------+-------------------------------------------
     0 | D:1      | vurker the Demigod Fire Elementalist began the quest for
                  | the Orb.
     0 | D:1      | Reached XP level 1. HP: 14/14 MP: 5/5
    71 | D:1      | Reached skill level 1 in Conjurations
   166 | D:1      | Reached XP level 2. HP: 18/20 MP: 0/7
   256 | D:1      | Reached skill level 3 in Fire Magic
   994 | D:2      | Reached XP level 3. HP: 25/27 MP: 6/9
  1806 | D:3      | Reached skill level 1 in Fighting
  1806 | D:3      | Reached XP level 4. HP: 32/35 MP: 0/10
  2261 | D:3      | Reached XP level 5. HP: 33/40 MP: 3/12
  2341 | D:3      | Learned a level 4 spell: Sticky Flame
  2638 | D:3      | HP: 1/40 [something/magic dart (7)]
  2638 | D:3      | Slain by an orc wizard

Illustrated notes

Levels and vault maps discovered:
D:1:      eino_arrival_cavern_b, layout_rooms
D:2:      layout_loops_ring
D:3:      lemuel_castle_with_subvaults [lemuel_castle_interior_carwin_2],
          layout_basic

Skill      XL: |  1  2  3 |
---------------+----------+-----
Conjurations   | 1 2 |  2.6
Spellcasting   | 2 |  2.9
Fire Magic     | 3 |  3.8
Fighting       | 1 |  1.4
Dodging        | |  1.7
Stealth        | |  1.7

Action                   |  1- 3 |  4- 6 || total
-------------------------+-------+-------++-------
Melee: Unarmed           |    26 |       ||    26
       Dagger            |    39 |    57 ||    96
 Cast: Foxfire           |    70 |    54 ||   124
  Use: Scroll            |       |     4 ||     4
       Potion            |       |     2 ||     2
 Stab: Sleeping          |     2 |       ||     2
  Eat: Chunk             |     3 |     3 ||     6
Armor: Robe              |    29 |    45 ||    74
Dodge: Dodged            |    71 |    73 ||   144

Table legend:
 A = Non-vault XP
 B = Vault XP
 C = Vault XP percentage of total XP
 D = Non-vault monster count
 E = Vault monster count
 F = Vault count percentage of total count
                 A         B        C        D         E       F
            +---------+---------+-------+---------+---------+-------
      Total |     252 |      22 |   8.0 |      61 |       5 |   7.6
            +---------+---------+-------+---------+---------+-------
        D:1 |      46 |       0 |   0.0 |      26 |       0 |   0.0
        D:2 |      43 |       0 |   0.0 |      10 |       0 |   0.0
        D:3 |     163 |      22 |  11.9 |      25 |       5 |  16.7
            +---------+---------+-------+---------+---------+-------
